 Dungeon Crawl Stone Soup version 0.32-a0-913-g739538afd8 (webtiles) character file.

Game seed: 450398306070928469

13 Esekla the Sneak (level 2, -2/16 HPs)
             Began as a Vine Stalker Delver on Apr 7, 2024.
             Slain by a gnoll
             ... wielding a +0 flail
             ... led by a gnoll bouda
              (6 damage)
             ... on level 4 of the Dungeon.
             The game lasted 00:05:05 (361 turns).

Esekla the Sneak (Vine Stalker Delver)               Turns: 361, Time: 00:05:05

Health: -2/16      AC:  6    Str: 14    XL:     2   Next: 37%
Magic:  0/4        EV: 10    Int: 10    God:
Gold:   19         SH:  0    Dex: 15    Spells: 2/2 levels left

rFire   . . .        a - +0 hand axe
rCold   . . .        (no shield)
rNeg    . . .        b - +0 leather armour
rPois   .            (no helmet)
rElec   .            (no cloak)
rCorr   .            (no gloves)
SInv    .            d - +2 pair of boots
Will    .....        (no amulet)
Stlth   +++          (no ring)
HPRegen 1.02/turn    (no ring)
MPRegen 0.09/turn

%: guardian spirit
@: hasted, very quick
A: fangs 2, regeneration 1, magic shield, antimagic bite, no potion heal 2
a: no special abilities


You were on level 4 of the Dungeon.
You visited 1 branch of the dungeon, and saw 2 of its levels.

You collected 19 gold pieces.

Inventory:

Hand Weapons
 a - a +0 hand axe (weapon)
Armour
 b - a +0 leather armour (worn)
 d - a +2 pair of boots (worn)
Wands
 g - a wand of digging (2)
Scrolls
 c - a scroll of fog
Potions
 h - 2 potions of lignification {unknown}


   Skills:
 + Level 2.8 Fighting
 + Level 1.8 Axes
 + Level 1.6 Dodging
 + Level 6.3 Stealth
 * Level 0.7 Spellcasting


You had 2 spell levels left.
You didn't know any spells.
Your spell library was empty.

Dungeon Overview and Level Annotations

Branches:
Dungeon (5/15)
 Temple: D:4-7

Altars:
Kikubaaqudgha
Nemelex Xobeh
Qazlal
Wu Jian

Annotations:
D:5 Sigmund


Innate Abilities, Weirdness & Mutations

You have extremely sharp teeth.
Your natural rate of healing is unusually fast.
When hurt, damage is shared between your health and your magic reserves.
Your bite disrupts and absorbs the magic of your enemies.
Potions cannot restore your health.


Message History

A hound comes into view.
Found an ornate altar of the Wu Jian Council.
For a moment, you catch a glimpse of warriors who walked this path long ago.
There is an ornate altar of the Wu Jian Council here.
Are you sure you want to abandon this character and quit the game? (Confirm with "yes".)
Okay, then.
Found a stone staircase leading up.
There is a stone staircase leading up here.
You climb upwards.
There is a stone staircase leading down here.
A gnoll bouda and 3 gnolls come into view.
The gnoll shouts! x2; The gnoll bouda shouts!
You hear a shout! x2
You hear a bark!
The gnoll bouda barks out a call to the hunt!
The gnolls pick up the pace!
A gnoll comes into view. It is wielding a +0 whip.
The gnoll moves out of view.
You hear an angry hiss.
A jackal comes into view.
The jackal moves out of view.
The gnoll attacks as it pursues you! The gnoll hits you with a +0 flail!
Ouch! That really hurt!
A gnoll comes into view. It is wielding a +0 spear.
The gnoll attacks as it pursues you! The gnoll hits you with a +0 flail!
Ouch! That really hurt!
* * * LOW HITPOINT WARNING * * *
The gnoll closely misses you.
Okay, then.
You feel yourself speed up. The gnoll closely misses you.
You open the door.
An orc, 2 quokkas and a ball python come into view.
The ball python hisses angrily.
The orc shouts!
You hear a shout!
The ball python bites you but does no damage.
There is an open door here.
The quokka twitches its whiskers.
The quokka bites you.
* * * LOW HITPOINT WARNING * * *
The gnoll attacks as it pursues you! The gnoll hits you with a +0 flail.
You die... ... . ...###. # g#g.g

. ...g. .# # #.#.#
#'##. #. ##.#.#
...... #.##..#g#
#o....#
#.......###..r....
#####...####@.......
........gg.gr.......
#####..>####S.......
##..# ##....... ##.#
#.....# #.# #...##
#.# #+## #.# #.#


You could see a gnoll bouda, 2 gnolls, an orc, 2 quokkas and a ball python.

Vanquished Creatures
  An adder (D:5)
  2 orcs (D:5)
3 creatures vanquished.

Notes
Turn   | Place    | Note
-------+----------+-------------------------------------------
     0 | D:5      | Esekla the Vine Stalker Delver began the quest for the Orb.
     0 | D:5      | Reached XP level 1. HP: 11/11 MP: 2/2
    57 | D:5      | Found an ancient bone altar of Kikubaaqudgha.
    78 | D:5      | Reached XP level 2. HP: 11/16 MP: 1/3
   113 | D:5      | Found a sparkling altar of Nemelex Xobeh.
   139 | D:5      | Noticed Sigmund
   194 | D:5      | Found a stormy altar of Qazlal.
   213 | D:5      | Noticed a scorpion
   307 | D:5      | Noticed a centaur
   319 | D:5      | Found an ornate altar of the Wu Jian Council.
   326 | D:5      | Noticed a spectral centipede
   326 | D:5      | Noticed a spectral black mamba
   326 | D:5      | Noticed a spectral scorpion
   326 | D:5      | Noticed a spectral cane toad
   361 | D:4      | Slain by a gnoll

Illustrated notes

Levels and vault maps discovered:
D:4:      layout_loops_corners, mainiacjoe_overflow_small_starburst,
          minmay_fractal_squares_diagonal_5
D:5:      layout_loops_ring, kiku_gazebo_pond_becter,
          nicolae_qazlal_scattered_showers, mainiacjoe_overflow_six_doors_small,
          pdpol_wu_jian_five_deadly_venoms, kennysheep_another_room,
          uniq_sigmund

Action                     || total
---------------------------++-------
  Melee: Hand axe          ||    24
         Bite              ||     8
  Evoke: Wand              ||     1
    Use: Scroll            ||     2
         Potion            ||     1
 Armour: Leather armour    ||    23
  Dodge: Dodged            ||    17

Table legend: (Time is in decaauts)
 A = Elapsed time spent in this place.
 B = Non-inter-level travel time spent in this place.
 C = Inter-level travel time spent in this place.
 D = Time resting spent in this place.
 E = Time spent auto-exploring this place.
 F = Levels seen in this place.
 G = Mean time per level.
                   A        B        C        D        E       F      G
               +--------+--------+--------+--------+--------+-----+--------+
         Total |    364 |    364 |      0 |      0 |      0 |   2 |  182.0 |
       Dungeon |    364 |    364 |      0 |      0 |      0 |   2 |  182.0 |
               +--------+--------+--------+--------+--------+-----+--------+

Top non-repeatable levels by time:
     D:5: 353 daAuts
     D:4: 11 daAuts
